AoeStats
← EduPellon

Arabia

504067125Analyzed
1v1 RM · 29d ago on Sep 3, 2026· 54m 59s· 2 players
Game mode
Random Map
Map size
Tiny (2 player)
Population
200
Speed
Normal
Resources
Standard
Victory
Conquest
Starting age
Dark Age
Ending age
Imperial Age
RankedLock teamsTeams togetherTeam positionsShared explorationLock speedFull tech treeHidden civsTurbo modeCheats
Victory
Defeat
🇫🇷 Goths · France
533
+15
🇲🇽 Byzantines · Mexico
505
-15
EduPellon
12:48 Feudal Age
11:43 Loom
19:55 Forging
20:45 Double-Bit Axe
23:09 Wheelbarrow
24:18 Horse Collar
25:29 Man-at-Arms
29:56 Castle Age
30:13 Scale Mail Armor
30:56 Hand Cart
31:27 Squires
32:05 Iron Casting
31:38 Long Swordsman
32:52 Scale Barding Armor
32:52 Gold Mining
35:17 Bow Saw
35:13 Heavy Plow
37:53 Chain Barding Armor
37:57 Gambesons
40:42 Chain Mail Armor
43:13 Fletching
48:27 Imperial Age
48:55 Bodkin Arrow
49:56 Plate Mail Armor
54:05 Plate Barding Armor
synamotamedi
0:35 Loom
10:32 Feudal Age
11:08 Double-Bit Axe
11:28 Horse Collar
15:05 Man-at-Arms
16:46 Man-at-Arms
22:09 Castle Age
21:22 Stone Mining
23:00 Scale Mail Armor
23:12 Forging
23:33 Crossbowman
23:55 Long Swordsman
26:12 Gold Mining
29:32 Chain Mail Armor
29:53 Iron Casting
31:07 Bow Saw
31:02 Heavy Plow
36:34 Imperial Age
34:58 Pikeman
35:39 Squires
36:42 Wheelbarrow
38:31 Two-Man Saw
38:08 Crop Rotation
37:58 Hand Cart
37:31 Town Watch
37:59 Perfusion
38:24 Conscription
39:06 Halberdier
40:28 Town Patrol
41:25 Capped Ram
43:47 Blast Furnace
44:54 Anarchy
44:15 Elite Huskarl
49:04 Elite Skirmisher
50:09 Onager
Connection lost

Rejoining the realm…

Still unreachable

The connection could not be restored.

Session expired

The server has moved on; the page needs a fresh start.